 Dungeon Crawl Stone Soup version 0.31.0-1-g2c135a008e (webtiles) character file.

Game seed: 12633754773275460026

69 qw the Shooter (level 4, -11/34 HPs)
             Began as a Djinni Hunter on Jan 24, 2024.
             Mangled by an iguana (13 damage)
             ... on level 3 of the Dungeon.
             The game lasted 00:00:05 (1571 turns).

qw the Shooter (Djinni Hunter)                      Turns: 1571, Time: 00:00:05

Health: -11/34     AC:  5    Str: 10    XL:     4   Next: 42%
Gold:   121        EV: 11    Int: 10    God:
                   SH:  0    Dex: 19

rFire   + + .        a - +0 shortbow
rCold   x . .        (shield currently unavailable)
rNeg    . . .        g - +0 ring mail
rPois   inf          (no helmet)
rElec   .            (no cloak)
rCorr   .            (no gloves)
SInv    .            (boots unavailable)
Will    .....        (no amulet)
Stlth   +            (no ring)
HPRegen 0.25/turn    (no ring)
MPRegen 0.00/turn

%: random rage (3%), infuse magic (-12 HP)
@: flying
A: sickness immunity, fire resistance 2, cold vulnerability 1, float, innate
caster, HP casting, extra vitality 1, berserk 1
a: no special abilities


You were on level 3 of the Dungeon.
You visited 1 branch of the dungeon, and saw 3 of its levels.

You collected 121 gold pieces.


Innate Abilities, Weirdness & Mutations

You are immune to sickness and miasma.
You are immune to poison.
Your flesh is very heat resistant. (rF++)
You are vulnerable to cold. (rC-)
You float through the air rather than walking.
You learn spells naturally, not from books.
Your magical power is your life essence.
You have superior vitality. (+4 MHP)
You sometimes lose your temper in combat.


   Skills:
 + Level 2.5 Fighting
 - Level 4.0 Ranged Weapons
 - Level 1.8 Armour
 - Level 2.1 Dodging
 - Level 0.7 Stealth


You knew the following spells:

 Your Spells              Type           Power      Damage    Failure   Level
a - Shock                 Conj/Air       0%         1d3       67%         1
Your spell library was empty.

Inventory:

Hand Weapons
 a - a +0 shortbow (weapon)
Armour
 g - a +0 ring mail (worn)
Scrolls
 d - a scroll of identify
 e - a scroll of fog {unknown}
Potions
 b - a potion of might {unknown}
 c - a potion of curing
 f - a potion of attraction {unknown}

Dungeon Overview and Level Annotations

Branches:
Dungeon (3/15)

Altars:

Shops:
D:2 [


Message History

A giant cockroach comes into view.
You shoot an arrow. The arrow hits the giant cockroach.
The giant cockroach is severely wounded.
You shoot an arrow. The arrow hits the giant cockroach.
You kill the giant cockroach!
A quokka comes into view.
You shoot an arrow. The arrow hits the quokka.
The quokka is severely wounded.
You shoot an arrow. The arrow hits the quokka!
You kill the quokka!
Found a book of Debilitation.
f - a fizzy brown potion An iguana comes into view.
You shoot an arrow. The iguana hisses angrily.
The arrow hits the iguana but does no damage.
You shoot an arrow. The arrow barely misses the iguana.
You shoot an arrow. The arrow hits the iguana.
The iguana is lightly wounded.
You shoot an arrow.
The arrow hits the iguana but does no damage.
The iguana is lightly wounded.
The iguana bites you!
The iguana bites you but does no damage.
You shoot an arrow. The arrow barely misses the iguana.
The iguana bites you.
You shoot an arrow. The arrow barely misses the iguana.
The iguana barely misses you.
You shoot an arrow.
The arrow hits the iguana but does no damage.
The iguana is lightly wounded.
The iguana barely misses you. x2
You shoot an arrow. The arrow hits the iguana!
The iguana is heavily wounded.
The iguana bites you!
You shoot an arrow. The arrow closely misses the iguana.
The iguana bites you!
You shoot an arrow. The arrow barely misses the iguana.
The iguana bites you!
You die...

#####.# ......# ##..
... #... ..# #..###.#
##..#.#.#
#.##.l@#...#### #####
#.............###...#
#.######.####..##...#
#.# ##......### #.#
#....%.... #.#
#.##...... #:#
#.##...... ..#
#.#####... ### #.#
##.:


You could see an iguana.

Vanquished Creatures
  Jessica (D:2)
  2 dart slugs
  2 orcs (D:3)
  5 ball pythons
  4 bats
  3 endoplasms
  A giant cockroach (D:3)
  2 goblins
  2 hobgoblins
  7 jackals (D:1)
  A quokka (D:3)
  2 frilled lizards
  2 rats (D:1)
34 creatures vanquished.

Notes
Turn   | Place    | Note
-------+----------+-------------------------------------------
     0 | D:1      | qw the Djinni Hunter began the quest for the Orb.
     0 | D:1      | Reached XP level 1. HP: 18/18 MP: 0/0
     0 | D:1      | 0 ||| qw: Version: 0.3-a-136-gdd3b4e8
     0 | D:1      | 0 ||| qw: Game counter: 1313
     0 | D:1      | 0 ||| qw: Melee chars always use a shield: true
     0 | D:1      | 0 ||| qw: God list: Okawaru
     0 | D:1      | 0 ||| qw: Allow faded altars: false
     0 | D:1      | 0 ||| qw: Do Orc after clearing Dungeon:15 true
     0 | D:1      | 0 ||| qw: Do second Lair branch before Depths: true
     0 | D:1      | 0 ||| qw: Lair rune preference: random
     0 | D:1      | 0 ||| qw: Goals: Normal
     0 | D:1      | 0 ||| PLANNING D:1-11
    13 | D:1      | 13 ||| RETREEEEATING.
    28 | D:1      | Reached XP level 2. HP: 15/23 MP: 0/0
   417 | D:1      | 417 ||| UPGRADING to +0 ring mail.
   427 | D:1      | 427 ||| DROPPING +0 leather armour.
   428 | D:1      | 428 ||| READING scroll labelled VYFI XILITTO.
   429 | D:1      | 429 ||| READING scroll labelled QUEFAYTANI.
   430 | D:1      | 430 ||| READING 3 scrolls labelled DUTWES BIMOMAI.
   430 | D:1      | 430 ||| IDENTIFYING bubbling emerald potion
   431 | D:1      | 431 ||| DROPPING scroll of butterflies.
   432 | D:1      | 432 ||| DROPPING potion of berserk rage.
   472 | D:2      | Reached XP level 3. HP: 28/28 MP: 0/0
   472 | D:2      | Learned a level 1 spell: Shock
   501 | D:2      | Reached skill level 4 in Ranged Weapons
   607 | D:2      | Found Tiwusy's Armour Emporium.
   615 | D:2      | Noticed Jessica
   616 | D:2      | Killed Jessica
   617 | D:2      | Reached skill level 1 in Armour
   617 | D:2      | Reached XP level 4. HP: 33/33 MP: 0/0
   677 | D:2      | 677 ||| SHOPLISTING +0 cloak (63 gold, have 51).
   677 | D:2      | 677 ||| SHOPLISTING +0 helmet (63 gold, have 51).
   677 | D:2      | 677 ||| SHOPLISTING +1 robe of willpower (177 gold, have
                  | 51).
  1283 | D:2      | 1283 ||| READING 3 scrolls of identify.
  1283 | D:2      | 1283 ||| IDENTIFYING bubbling yellow potion
  1284 | D:2      | 1284 ||| READING 2 scrolls of identify.
  1284 | D:2      | 1284 ||| IDENTIFYING silvery potion
  1285 | D:2      | 1285 ||| READING scroll of identify.
  1285 | D:2      | 1285 ||| IDENTIFYING bubbling cyan potion
  1286 | D:2      | 1286 ||| DRINKING potion of mutation.
  1286 | D:2      | Gained mutation: You sometimes lose your temper in combat.
                  | [potion of mutation]
  1287 | D:2      | 1287 ||| READING scroll labelled FADDOSI DAENIA.
  1288 | D:2      | 1288 ||| DROPPING potion of degeneration.
  1570 | D:3      | HP: 2/34 [iguana (12)]
  1571 | D:3      | Mangled by an iguana

Levels and vault maps discovered:
D:1:      mrwooster_arrival_statue, layout_rooms, kennysheep_another_room
D:2:      layout_loops_corners, serial_shops, nicolae_shop_window_shopping,
          st_stairs_7, chequers_serial_rivers_micro_a, uniq_jessica
D:3:      layout_basic, hellmonk_ecumenical_altar_arch_garden,
          grunt_ministairs_5

Skill      XL: |  1  2  3 |
---------------+----------+-----
Ranged Weapons | 4 |  4.0
Armour         | 1 |  1.8
Fighting       | |  2.5
Dodging        | |  2.1
Stealth        | |  0.7

Action                     |  1- 3 |  4- 6 || total
---------------------------+-------+-------++-------
   Fire: Shortbow          |    52 |    47 ||    99
    Use: Scroll            |     3 |     4 ||     7
         Potion            |       |     1 ||     1
 Armour: Leather armour    |    26 |       ||    26
         Ring mail         |       |    14 ||    14
  Dodge: Dodged            |    30 |    10 ||    40

Table legend:
 A = Non-vault XP
 B = Vault XP
 C = Vault XP percentage of total XP
 D = Non-vault monster count
 E = Vault monster count
 F = Vault count percentage of total count
                 A         B        C        D         E       F
            +---------+---------+-------+---------+---------+-------
      Total |      58 |      41 |  41.4 |      32 |       2 |   5.9
            +---------+---------+-------+---------+---------+-------
        D:1 |      28 |       0 |   0.0 |      16 |       0 |   0.0
        D:2 |      11 |      41 |  78.8 |       8 |       2 |  20.0
        D:3 |      19 |       0 |   0.0 |       8 |       0 |   0.0
            +---------+---------+-------+---------+---------+-------
